 Dungeon Sprint DCSS version 0.19-a0-1861-g35def1e (webtiles) character file.

518 George the Fighter (level 7, -1/70 HPs)
             Began as a Minotaur Fighter on Oct 12, 2016.
             Was a Follower of Okawaru.
             Slain by a two-headed ogre
             ... wielding a +0 giant spiked club
              (4 damage)
             ... in the Dungeon (Sprint IX: "|||||||||||||||||||||||||||||").
             The game lasted 00:01:21 (402 turns).

George the Fighter (Minotaur Fighter)                Turns: 402, Time: 00:01:22

Health: -1/70      AC: 10    Str: 19    XL:     7   Next: 1%
Magic:  5/9        EV: 10    Int:  3    God:    Okawaru [*.....]
Gold:   0          SH: 11    Dex: 11    Spells: 0 memorised, 6 levels left

rFire  . . .     SeeInvis .     p - +2 scimitar (slice)
rCold  . . .     Gourm    .     b - +0 scale mail
rNeg   . . .     Faith    .     c - +0 shield
rPois  .         Spirit   .     (helmet restricted)
rElec  .         Dismiss  .     (no cloak)
rCorr  .         Reflect  .     (no gloves)
MR     .....     Harm     .     (no boots)
Stlth  .......... NoTele   +    (no amulet)
                                q - +2 ring of evasion
                                a - +2 ring of protection

@: lethally poisoned (-1 -> -1)
A: retaliatory headbutt, horns 2, dopey 1, weak 1
a: Heroism, Renounce Religion


You were in the Dungeon.
You worshipped Okawaru.
Okawaru was aware of your devotion.
You were near starving.

You visited 1 branch

Inventory:

Hand Weapons
 o - a +2 rapier of venom
 p - a +2 scimitar of slicing (weapon)
Armour
 b - a +0 scale mail (worn)
 c - a +0 shield (worn)
Jewellery
 a - a +2 ring of protection (left hand)
 q - a +2 ring of evasion (right hand)
Wands
 n - a wand of lightning (7/15)
Scrolls
 k - 2 scrolls of blinking
 l - 3 scrolls of remove curse
 m - 2 scrolls of amnesia
Potions
 d - a potion of might
 e - 5 potions of curing
 g - 3 potions of heal wounds
 h - a potion of haste
 i - 4 potions of magic
 j - a potion of invisibility
Comestibles
 f - a bread ration


   Skills:
 + Level 9.3 Fighting
 + Level 8.8 Long Blades
 + Level 9.2 Armour
 + Level 9.2 Shields
 + Level 4.8 Invocations


You had 6 spell levels left.
You didn't know any spells.

Dungeon Overview and Level Annotations

Branches:
Dungeon (1/1)

Altars:
Cheibriados
Dithmenos
Elyvilon
Fedhas
Gozag
Hepliaklqana
Kikubaaqudgha
Makhleb
Nemelex Xobeh
Okawaru
Qazlal
Ru
Sif Muna
Trog
Uskayaw
Vehumet
Xom
Yredelemnul
Zin
The Shining One
Beogh
Jiyva
Lugonu


Innate Abilities, Weirdness & Mutations

You reflexively headbutt those who attack you in melee.
You have a pair of horns on your head.
You are dopey. (Int -2)
You are weak. (Str -2)


Message History

The iguana is severely wounded.
You feel sick.
The iguana bites you but does no damage.
You slash the iguana!
You kill the iguana!
Okawaru accepts your kill.
You have reached level 7!
Your shield and scale mail prevent you from hitting the two-headed ogre.
The two-headed ogre closely misses you. You block the two-headed ogre's attack.
You hit the two-headed ogre.
The two-headed ogre is lightly wounded.
You feel sick.
The two-headed ogre hits you with a giant spiked club!
* * * LOW HITPOINT WARNING * * *
The two-headed ogre misses you.
You hit the two-headed ogre but do no damage.
You headbutt the two-headed ogre, but do no damage.
The two-headed ogre is lightly wounded.
The two-headed ogre hits you with a giant spiked club.
You die...

▓.▓
▓.▓
▓|▓
▓)▓
▓[▓
▓[▓
▓[▓
▓.▓
▓@▓
▓O▓
▓.▓
▓.▓
▓.▓
▓.▓
▓.▓
▓.▓
▓+▓


You could see a two-headed ogre.

Vanquished Creatures
  A wyvern (D)
  A hungry ghost (D)
  A sky beast (D)
  A killer bee (D)
  An iguana (D)
  An orc wizard (D)
  A worker ant (D)
  A gnoll (D)
  An adder (D)
  An adder skeleton (D)
  A bat (D)
  A jackal (D)
  3 rats (D)
15 creatures vanquished.

Notes
Turn   | Place    | Note
-------+----------+-------------------------------------------
     0 | D        | George the Minotaur Fighter began the quest for the Orb.
     0 | D        | Reached XP level 1. HP: 19/19 MP: 0/0
    20 | D        | Noticed a worker ant
    20 | D        | Noticed a sky beast
    23 | D        | Reached XP level 2. HP: 28/28 MP: 1/1
    31 | D        | Reached skill level 5 in Fighting
    31 | D        | Reached skill level 5 in Armour
    31 | D        | Reached skill level 5 in Shields
    31 | D        | Reached XP level 3. HP: 28/36 MP: 2/2
    43 | D        | Killed a sky beast
    43 | D        | Reached XP level 4. HP: 3/47 MP: 3/3
    43 | D        | Reached XP level 5. HP: 4/52 MP: 4/4
    50 | D        | Gained mutation: Armour fits poorly on your strangely shaped body. [mutagenic meat]
    53 | D        | Gained mutation: You are weak. (Str -2) [mutagenic meat]
    56 | D        | Lost mutation: Armour fits poorly on your strangely shaped body. [mutagenic meat]
    59 | D        | Gained mutation: You are dopey. (Int -2) [mutagenic meat]
   319 | D        | Found a roughly hewn altar of Beogh.
   319 | D        | Found a snail-covered altar of Cheibriados.
   319 | D        | Found a shadowy altar of Dithmenos.
   319 | D        | Found a white marble altar of Elyvilon.
   319 | D        | Found a blossoming altar of Fedhas.
   319 | D        | Found an opulent altar of Gozag.
   320 | D        | Found a hazy altar of Hepliaklqana.
   321 | D        | Found a viscous altar of Jiyva.
   322 | D        | Found an ancient bone altar of Kikubaaqudgha.
   323 | D        | Found a corrupted altar of Lugonu.
   324 | D        | Found a burning altar of Makhleb.
   325 | D        | Found a sparkling altar of Nemelex Xobeh.
   326 | D        | Found an iron altar of Okawaru.
   327 | D        | Found a stormy altar of Qazlal.
   328 | D        | Found a sacrificial altar of Ru.
   329 | D        | Found a deep blue altar of Sif Muna.
   330 | D        | Found a bloodstained altar of Trog.
   331 | D        | Found a hide-covered altar of Uskayaw.
   332 | D        | Found a radiant altar of Vehumet.
   333 | D        | Found a shimmering altar of Xom.
   334 | D        | Became a worshipper of Warmaster Okawaru
   335 | D        | Found a basalt altar of Yredelemnul.
   336 | D        | Found a glowing silver altar of Zin.
   337 | D        | Found a glowing golden altar of the Shining One.
   367 | D        | Noticed a hungry ghost
   367 | D        | Noticed a wyvern
   367 | D        | Noticed a two-headed ogre
   375 | D        | Reached skill level 1 in Invocations
   393 | D        | Killed a hungry ghost
   393 | D        | Reached XP level 6. HP: 17/62 MP: 4/7
   396 | D        | Killed a wyvern
   396 | D        | Reached * piety under Okawaru
   399 | D        | Reached XP level 7. HP: 18/70 MP: 5/9
   401 | D        | HP: 3/70 [two-headed ogre/giant spiked club (14)]
   402 | D        | Slain by a two-headed ogre

Vault maps used:
D:        linesprint

Skill      XL: |  1  2  3  4  5  6 |
---------------+-------------------+-----
Armour         | 4 5 7 8 9 |  9.2
Shields        | 4 5 6 8 9 |  9.2
Fighting       | 4 5 7 8 9 |  9.3
Long Blades    | 3 4 6 8 |  8.8
Invocations    | 3 4 |  4.8

Action                   |  1- 3 |  4- 6 |  7- 9 || total
-------------------------+-------+-------+-------++-------
Melee: Long sword        |    30 |       |       ||    30
       Headbutt          |     6 |     2 |     1 ||     9
       Scimitar          |       |    27 |     3 ||    30
  Use: Potion            |     1 |       |       ||     1
  Eat: Chunk             |       |     4 |       ||     4
Armor: Scale mail        |    16 |    12 |       ||    28
Dodge: Dodged            |    12 |     7 |     2 ||    21
Block: Shield            |    12 |    12 |     1 ||    25
       Rpst.: Long sword |     1 |       |       ||     1
       Scimitar          |       |     2 |       ||     2
